 Dungeon Crawl Stone Soup version 0.21.1-1-g345015f (webtiles) character file.

160 Fang the Covered (level 5, 0/33 HPs)
             Began as a Gargoyle Fighter on May 8, 2018.
             Slain by a gnoll
             ... wielding a +0 spear
              (5 damage)
             ... on level 3 of the Dungeon.
             The game lasted 00:01:54 (1802 turns).

Fang the Covered (Gargoyle Fighter)                 Turns: 1802, Time: 00:01:55

Health: 0/33       AC: 12    Str: 21    XL:     5   Next: 41%
Magic:  5/5        EV:  7    Int:  8    God:
Gold:   86         SH:  9    Dex:  9    Spells: 4/4 levels left

rFire    . . .     SeeInvis .   a - +0 war axe
rCold    . . .     Gourm    .   c - +0 shield
rNeg     + . .     Faith    .   b - +0 scale mail
rPois    ∞         Spirit   .   (no helmet)
rElec    +         Reflect  .   (no cloak)
rCorr    .         Harm     .   (no gloves)
MR       +....                  (no boots)
Stlth    ..........             (no amulet)
HPRegen  0.11/turn              i - ring of protection from magic
MPRegen  0.09/turn              o - +1 ring of protection

@: no status effects
A: negative energy resistance 1, electricity resistance, unbreathing,
petrification resistance, rot immunity, AC +4
a: no special abilities


You were on level 3 of the Dungeon.
You were hungry.

You visited 1 branch of the dungeon, and saw 3 of its levels.

You collected 86 gold pieces.

Inventory:

Hand Weapons
 a - a +0 war axe (weapon)
Armour
 b - a +0 scale mail (worn)
 c - a +0 shield (worn)
Jewellery
 i - a ring of protection from magic (left hand)
 o - a +1 ring of protection (right hand)
Wands
 q - a wand of random effects (29)
Scrolls
 g - a scroll of teleportation {unknown}
 l - 2 scrolls of identify {unknown}
 p - a scroll of remove curse {unknown}
Potions
 d - a potion of might
 e - 2 potions of degeneration {unknown}
 h - 2 potions of mutation {unknown}
 j - a potion of flight {unknown}
 k - 2 potions of invisibility {unknown}
 m - a potion of haste {unknown}
 n - 3 potions of resistance {unknown}
 r - a potion of brilliance {unknown}
 s - a potion of lignification {unknown}
Comestibles
 f - 9 rations


   Skills:
 + Level 3.8 Fighting
 + Level 3.1 Axes
 + Level 4.4 Armour
 + Level 0.8 Dodging
 + Level 4.1 Shields


You had 4 spell levels left.
You didn't know any spells.

Dungeon Overview and Level Annotations

Branches:
Dungeon (3/15)

Altars:
Nemelex Xobeh


Innate Abilities, Weirdness & Mutations

You are resistant to torment.
Your stone body is resilient. (AC +4)
You are immune to poison.
You resist negative energy. (rN+)
You are resistant to electric shocks. (rElec)
You can survive without breathing.
You are immune to petrification.
You are immune to rotting.


Message History

The gnoll hits you from afar with a spear.
You swing at nothing.
You block the gnoll's attack.
The gnoll hits you but does no damage. x2
You swing at nothing.
You block the gnoll's attack.
The gnoll hits you but does no damage. x2
You swing at nothing.
The gnoll barely misses you. You block the gnoll's attack. x2
You swing at nothing.
The gnoll hits you but does no damage.
The gnoll hits you from afar with a spear.
* * * LOW HITPOINT WARNING * * *
The gnoll hits you from afar with a spear.
* * * LOW HITPOINT WARNING * * *
You swing at nothing.
You block the gnoll's attack. The gnoll hits you but does no damage.
You swing at nothing.
The gnoll hits you from afar with a spear.
* * * LOW HITPOINT WARNING * * *
You block the gnoll's attack.
The gnoll hits you from afar with a spear.
You die...

....#..#....##.##.##.. #
#.#..#..)....##..#..
..#####.#..#...#######.#..
...........#...# .......<.
.#####.#......# #.####...
+..........#.. .........
#####.######### .#####.#
#.######### #.....
#..@)g....# #.....
#...†.....# #.....
#....g....# #....)
#.........# #.....
#.........# #.....
#.........# #.....
#+#####...# #..... ...#
#..... ######


You could see 2 gnolls.

Vanquished Creatures
  2 gnolls (D:3)
  5 adders
  2 oozes (D:2)
  5 worms
  4 dart slugs
  A leopard gecko (D:1)
  A ball python (D:1)
  4 bats
  2 giant cockroaches
  10 goblins
  13 hobgoblins
  4 frilled lizards
  6 kobolds
  7 rats
66 creatures vanquished.

Notes
Turn   | Place    | Note
-------+----------+-------------------------------------------
     0 | D:1      | Fang the Gargoyle Fighter began the quest for the Orb.
     0 | D:1      | Reached XP level 1. HP: 14/14 MP: 1/1
   243 | D:1      | Reached XP level 2. HP: 19/19 MP: 2/2
   552 | D:1      | Reached XP level 3. HP: 23/23 MP: 3/3
   933 | D:2      | Reached XP level 4. HP: 22/28 MP: 4/4
  1159 | D:2      | Found a sparkling altar of Nemelex Xobeh.
  1349 | D:2      | Reached XP level 5. HP: 31/33 MP: 5/5
  1802 | D:3      | Slain by a gnoll

Skill      XL: |  1  2  3  4  5 |
---------------+----------------+-----
Armour         | 4 |  4.4
Axes           | 2 3 |  3.1
Shields        | 4 |  4.1
Fighting       | |  3.8
Dodging        | |  0.8

Action                   |  1- 3 |  4- 6 || total
-------------------------+-------+-------++-------
Melee: War axe           |   119 |   126 ||   245
  Eat: Chunk             |       |     3 ||     3
Armor: Scale mail        |    79 |    81 ||   160
Dodge: Dodged            |    37 |    46 ||    83
Block: Shield            |    83 |    83 ||   166
